 Seeded DCSS version 0.32-a0-999-gfa1cc04b1d (webtiles) character file.

Game seed: 20240425 (custom seed)

2088 Orlauf the Cleaver (level 9, -2/72 HPs)
             Began as a Demonspawn Gladiator on Apr 25, 2024.
             Slain by Maggie
             ... wielding a +4 glaive of distortion
              (7 damage)
             ... on level 7 of the Dungeon.
             The game lasted 00:10:30 (5792 turns).

Orlauf the Cleaver (Demonspawn Gladiator)           Turns: 5792, Time: 00:10:31

Health: -2/72      AC: 10    Str: 20    XL:     9   Next: 6%
Magic:  18/18      EV:  9    Int:  8    God:
Gold:   278        SH:  0    Dex: 16    Spells: 8/8 levels left

rFire   . . .        a - +1 war axe
rCold   . . .        (no shield)
rNeg    . . .        f - +2 scale mail {Will+}
rPois   .            c - +0 helmet
rElec   .            q - +0 cloak {Will+}
rCorr   .            (no gloves)
SInv    .            (no boots)
Will    ++...        (no amulet)
Stlth   +            i - ring of magical power
HPRegen 0.32/turn    n - +4 ring of slaying
MPRegen 0.16/turn

%: no passive effects
@: mesmerised
A: hooves 2, thin skeletal structure 1, demonic guardian 1, spiny 2
a: no special abilities


You were on level 7 of the Dungeon.
You visited 2 branches of the dungeon, and saw 8 of its levels.

You collected 278 gold pieces.

Inventory:

Hand Weapons
 a - a +1 war axe (weapon)
 b - a +0 mace
 r - the +3 rapier of Caustic Defence {vamp, rN++ SInv}
   (You found it on level 4 of the Dungeon)

   rN++:      It greatly protects you from negative energy.
   SInv:      It lets you see invisible.
Missiles
 e - 5 javelins
 j - 15 boomerangs
Armour
 c - a +0 helmet (worn)
 f - a +2 scale mail of willpower (worn)
 q - a +0 cloak of willpower (worn)
Jewellery
 i - a ring of magical power (left hand)
 n - a +4 ring of slaying (right hand)
 y - a ring of fire
 A - an amulet of magic regeneration
Wands
 h - a wand of flame (10)
 x - a wand of paralysis (7)
Scrolls
 s - 2 scrolls of fear
 u - 2 scrolls of summoning
 v - 2 scrolls of fog
Potions
 g - 4 potions of enlightenment
 k - 8 potions of curing
 l - a potion of invisibility
 m - a potion of mutation
 o - 2 potions of brilliance
 p - a potion of magic
 t - a potion of haste
 w - 2 potions of might
 B - 3 potions of attraction
 C - a potion of cancellation {unknown}


   Skills:
 + Level 7.2 Fighting
 * Level 9.3 Axes
 - Level 1.7 Throwing
 - Level 2.6 Dodging


You had 8 spell levels left.
You didn't know any spells.
Your spell library contained the following spells:

 Spells                   Type           Power      Damage    Failure   Level
 Apportation              Tloc           0%         N/A       78%         1
 Foxfire                  Conj/Fire      0%         2x1d4     78%         1
 Magic Dart               Conj           0%         1d3       78%         1
 Necrotise                Necr           0%         1d4       78%         1
 Ensorcelled Hibernation  Hex/Ice        0%         N/A       89%         2
 Searing Ray              Conj           0%         2d4       89%         2
 Fugue of the Fallen      Necr           0%         N/A       98%         3
 Vampiric Draining        Necr           0%         2d6       98%         3
 Anguish                  Hex/Necr       0%         N/A       100%        4
 Fulminant Prism          Conj/Alch      0%         3d5       100%        4
 Martyr's Knell           Necr/Summ      0%         N/A       100%        4
 Curse of Agony           Necr           0%         N/A       100%        5


Dungeon Overview and Level Annotations

Branches:
Dungeon (7/15)             Temple (1/1) D:6

Altars:
Cheibriados
Dithmenos
Fedhas
Gozag
Hepliaklqana
Kikubaaqudgha
Makhleb
Nemelex Xobeh
Okawaru
Qazlal
Ru
Sif Muna
Trog
Vehumet
Wu Jian
Yredelemnul

Annotations:
D:7 Maggie


Innate Abilities, Weirdness & Mutations

You have hoof-like feet.
You have a somewhat thin skeletal structure. (Dex +2, Stealth+)
A weak demonic guardian rushes to your aid.
You are mostly covered in sharp spines.


Message History

Maggie the Vainglorious comes into view.
She is wielding a +4 glaive of distortion.
Found a scroll of identify.
Found a stone staircase leading down.
Maggie shouts!
You throw a throwing net. The throwing net barely misses Maggie.
Maggie gestures at you while chanting. The bolt of fire hits you!
You throw a throwing net. The throwing net closely misses Maggie.
Maggie hits you from afar with a +4 glaive of distortion!
Space warps around you.
Maggie mumbles some strange words.
Maggie attempts to bespell you!
You easily resist.
You see here a +0 falchion.
You closely miss Maggie. Your kick misses Maggie. Maggie casts a spell at you.
The bolt of fire hits you!!
* * * LOW HITPOINT WARNING * * *
A demonic guardian appears!
You are too injured to fight recklessly!
You are too injured to fight recklessly!
You are too injured to fight recklessly!
You are too injured to fight recklessly!
Okay, then.
You barely miss Maggie. You kick Maggie.
Maggie is lightly wounded.
Maggie says, "Did Master Lance send you?"
Maggie mumbles some strange words.
Maggie attempts to bespell you!
You are mesmerised by Maggie!
You hit Maggie but do no damage.
Maggie is lightly wounded.
Maggie barely misses you.
Your white imp hits Maggie but does no damage.
You hit Maggie. Your kick misses Maggie.
Maggie is lightly wounded.
Your white imp hits Maggie but does no damage.
Maggie is struck by your spines.
Maggie hits you with a +4 glaive of distortion!
* * * LOW HITPOINT WARNING * * *
Space warps horribly around you!
You die...

#..###......##
###.... #......#
#####....#
.......
#........#
#?..##.#
#....####.......
##.#.......#.# #
#.######.##.#.#
#.# #......#
#######.#
###@5.##
##......###
#.@.#
#.........#
#...#
#..####.#.#
......
...##...#...
.......
##.##.#.#
##.........(.#
##......#
###...#####
#####.### #...#
# #.#


You could see Maggie (mesmerising, ally target) and a friendly white imp
(summoned).

Vanquished Creatures
  An ice beast (D:7)
  A black bear (D:6)
  A sky beast (D:6)
  2 centaurs
  An ogre (D:4)
  A phantom (D:5)
  A kobold brigand (D:3)
  5 scorpions
  A bombardier beetle (D:4)
  2 jellies
  5 hounds
  A gnoll bouda (D:5)
  Crazy Yiuf (D:2)
  6 orc priests
  Jessica (D:3)
  5 iguanas
  A sleepcap (D:7)
  4 orc wizards
  Robin (D:2)
  7 gnolls
  7 adders
  A shadow imp (D:4)
  5 white imps
  2 ufetubi (D:6)
  6 dart slugs
  4 ribbon worms
  18 orcs
  4 endoplasms
  5 giant cockroaches
  21 goblins
  11 hobgoblins
  6 kobolds
  2 quokkas
  12 ball pythons
  4 bats
  5 frilled lizards
  5 rats
166 creatures vanquished.

Vanquished Creatures (collateral kills)
  Terence (D:2)
  A gnoll (D:2)
2 creatures vanquished.

Grand Total: 168 creatures vanquished

Notes
Turn   | Place    | Note
-------+----------+-------------------------------------------
     0 | D:1      | Orlauf the Demonspawn Gladiator began the quest for the
                  | Orb.
     0 | D:1      | Reached XP level 1. HP: 16/16 MP: 1/1
   100 | D:1      | Reached skill level 3 in Axes
   202 | D:1      | Gained mutation: You are partially covered in sharp spines.
                  | [demonic ancestry]
   202 | D:1      | Reached XP level 2. HP: 9/22 MP: 2/2
   556 | D:1      | Reached XP level 3. HP: 20/28 MP: 3/3
  1006 | D:2      | Noticed Robin
  1014 | D:2      | Killed Robin
  1057 | D:2      | Gained mutation: You have a somewhat thin skeletal
                  | structure. (Dex +2, Stealth+) [demonic ancestry]
  1057 | D:2      | Reached XP level 4. HP: 32/35 MP: 4/4
  1083 | D:2      | You fall into a shaft and drop 2 floors!
  1096 | D:4      | Reached skill level 4 in Axes
  1263 | D:4      | Found a sacrificial altar of Ru.
  1264 | D:4      | Found an iron altar of Okawaru.
  1448 | D:4      | Noticed a scorpion
  1450 | D:4      | Noticed an ogre
  1451 | D:4      | Noticed a scorpion
  1455 | D:4      | Killed a scorpion
  1456 | D:4      | Gained mutation: You have large cloven feet. [demonic
                  | ancestry]
  1456 | D:4      | Reached XP level 5. HP: 29/41 MP: 5/5
  1462 | D:4      | Killed an ogre
  1463 | D:4      | Reached skill level 5 in Axes
  1467 | D:4      | Gained mutation: You have hoof-like feet. [demonic
                  | ancestry]
  1467 | D:4      | Reached XP level 6. HP: 27/48 MP: 6/6
  1764 | D:3      | Found a stormy altar of Qazlal.
  1826 | D:3      | Reached skill level 6 in Axes
  1835 | D:3      | Gained mutation: You are mostly covered in sharp spines.
                  | [demonic ancestry]
  1835 | D:3      | Reached XP level 7. HP: 17/55 MP: 7/7
  2251 | D:3      | Noticed Jessica
  2257 | D:3      | Killed Jessica
  2802 | D:2      | Found a runed translucent door.
  2803 | D:2      | Noticed Crazy Yiuf
  2893 | D:2      | Noticed Terence
  2895 | D:2      | Reached skill level 5 in Fighting
  2899 | D:2      | Killed Terence
  3154 | D:2      | Killed Crazy Yiuf
  3328 | D:4      | Found a radiant altar of Vehumet.
  3329 | D:4      | Identified the +3 rapier of Caustic Defence {vamp, rN++
                  | SInv}
  3344 | D:4      | Identified the +0 chain mail "Myuxten" {rElec Str+4}
  3398 | D:4      | Found a shimmering blue altar of Sif Muna.
  3606 | D:5      | Entered Level 5 of the Dungeon
  3630 | D:5      | Reached skill level 7 in Axes
  3799 | D:5      | Found an ancient bone altar of Kikubaaqudgha.
  3816 | D:5      | Reached XP level 8. HP: 64/64 MP: 8/8
  3877 | D:5      | Found a sparkling altar of Nemelex Xobeh.
  3878 | D:5      | Found an ornate altar of the Wu Jian Council.
  4131 | D:5      | Got Figaun's Beginning Casting
  4345 | D:5      | Reached skill level 8 in Axes
  5028 | D:6      | Found a staircase to the Ecumenical Temple.
  5039 | Temple   | Entered the Ecumenical Temple
  5154 | D:6      | Found a hazy altar of Hepliaklqana.
  5186 | D:6      | Identified the serpent talisman "Noohew" {rElec Str+2}
  5352 | D:6      | Reached skill level 9 in Axes
  5505 | D:6      | Gained mutation: A weak demonic guardian rushes to your
                  | aid. [demonic ancestry]
  5505 | D:6      | Reached XP level 9. HP: 72/72 MP: 9/9
  5783 | D:7      | Noticed Maggie
  5792 | D:7      | Slain by Maggie

Illustrated notes

Levels and vault maps discovered:
D:1:      onia_arrival_pentagram, layout_basic
D:2:      layout_basic, uniq_terence, uniq_robin, uniq_crazy_yiuf_cottage
D:3:      layout_loops_cross, grunt_qazlal_clouds, cheibrodos_sewer_entry_bend,
          uniq_jessica
D:4:      layout_basic, vehumet_crystals, nicolae_overflow_quartered_altars,
          minmay_joined_circles
D:5:      layout_basic, lemuel_crystal_altar,
          chequers_temple_overflow_statue_of_worship, hex_intersection,
          hangedman_decor_opposing
D:6:      nicolae_cairo_tiling_large_dashed, layout_loops_ring,
          mainiacjoe_overflow_cross_hatched, supply_closet_lemuel,
          small_statue_intersection, minmay_fractal_squares_gapless_5
D:7:      layout_loops_cross, regret_index_xom_of_box, st_stairs_5,
          uniq_jeremiah, uniq_maggie, uniq_pikel, uniq_maurice
Temple:   nicolae_temple_ecumenical_triangle

Skill      XL: |  1  2  3  4  5  6  7  8 |
---------------+-------------------------+-----
Axes           | 3 4 5 6 7 9 |  9.3
Fighting       | 3 4 5 7 |  7.2
Throwing       | |  1.7
Dodging        | |  2.6

Action                     |  1- 3 |  4- 6 |  7- 9 || total
---------------------------+-------+-------+-------++-------
  Melee: War axe           |    92 |    68 |   156 ||   316
         Kick              |       |    12 |    42 ||    54
  Throw: Throwing net      |     4 |     3 |     2 ||     9
    Use: Scroll            |     4 |     1 |    12 ||    17
         Potion            |       |     4 |     1 ||     5
   Stab: Sleeping          |       |     3 |     3 ||     6
         Invisible         |       |     3 |       ||     3
 Armour: Leather armour    |    65 |     2 |       ||    67
         Ring mail         |       |    42 |    28 ||    70
         Scale mail        |       |       |    86 ||    86
  Dodge: Dodged            |    55 |    32 |    53 ||   140

Table legend: (Time is in decaauts)
 A = Elapsed time spent in this place.
 B = Non-inter-level travel time spent in this place.
 C = Inter-level travel time spent in this place.
 D = Time resting spent in this place.
 E = Time spent auto-exploring this place.
 F = Levels seen in this place.
 G = Mean time per level.
                   A        B        C        D        E       F      G
               +--------+--------+--------+--------+--------+-----+--------+
         Total |   5875 |   5415 |    460 |    477 |   3540 |   8 |  734.4 |
       Dungeon |   5853 |   5393 |    460 |    477 |   3540 |   7 |  836.1 |
        Temple |     21 |     21 |      0 |      0 |      0 |   1 |   21.0 |
               +--------+--------+--------+--------+--------+-----+--------+

Top non-repeatable levels by time:
     D:5: 1325 daAuts
     D:3: 1001 daAuts
     D:4: 966 daAuts
     D:1: 896 daAuts
     D:2: 816 daAuts
     D:6: 767 daAuts
     D:7: 79 daAuts
  Temple: 21 daAuts
